 Dungeon Sprint DCSS version 0.01-2115-ge649c80b0b (webtiles) character file.

Game seed: 17085515023552029471, levelgen mode: deterministic

21 Lanoc the Whippersnapper (level 2, -5/21 HPs) Lignifite Demonspawn. Began on June 6, 2020. Slain by a worker ant (7 damage) ... in the Dungeon (Sprint IX: "|||||||||||||||||||||||||||||"). The game lasted 00:00:19 (106 turns).

Lanoc the Whippersnapper (Lignifite Demonspawn)      Turns: 106, Time: 00:00:19

Health: -5/21      AC:  1    Str: 19    XL:     2 ^: 10
Magic:  6/6        EV: 17    Int: 13    God:
Gold:   0          SH:  1    Dex:  7    Spells: 4/5 levels left

rFire    x . .     Vision   .   a - +0 flail
rCold    . . .     Gourm    .   (weapon restricted)
rNeg     . . .     Faith    .   b - +0 robe
rPois    +         Spirit   .   (helmet restricted)
rElec    .         Reflect  .   (no cloak)
rCorr    .         Harm     .   (gloves unavailable)
MR       .....     NoTele   +   (boots unavailable)
Stlth    +.........             (no amulet)
HPRegen  0.17/turn              (no ring)
MPRegen  0.16/turn              (no ring)

@: lethally poisoned (-5 -> -6), quick
A: very small, rF-, barbs 1, deformed body, speed 1, poison resistance, slow
metabolism 1, torment resistance, plant, rot immunity
a: no special abilities


You were in the Dungeon.
You were not hungry.

You visited 1 branch

Inventory:

Weapons
 a - a +0 flail (weapon)
Armour
 b - a +0 robe (worn)
Scrolls
 j - a scroll of blinking
Potions
 e - a potion of curing
 f - a potion of heal wounds
 g - a potion of haste
 h - 2 potions of magic
 i - a potion of berserk rage
Comestibles
 c - 3 chunks of flesh
 d - a ration


   Skills:
 + Level 3.1 Fighting
 * Level 4.4 Whips & Flails
 + Level 3.5 Dodging
 - Level 1.7 Stealth
 - Level 2.1 Spellcasting
   Level 3.0 Invocations


You had 4 spell levels left.
You knew the following spells:

 Your Spells              Type           Power        Failure   Level  Hunger
a - Flame Tongue          Fire           1 (40)       26%         1    ##.....

Your spell library contained the following spells:

 Spells                   Type           Power        Failure   Level  Hunger
 Blink                    Tloc           N/A          36%         2    ###....
 Call Imp                 Summ           1 (100)      36%         2    ###....
 Slow                     Hex            1 (100)      36%         2    ###....
 Conjure Flame            Fire           1 (100)      58%         3    ####...
 Mephitic Cloud           Pois/Air       1 (100)      58%         3    ####...


Dungeon Overview and Level Annotations

Branches:
Dungeon (1/1)

Altars:


Innate Abilities, Weirdness & Mutations

Your woody flesh burns easily. (rF-)
A tangle of shorter branches protects your body from attack. (+1 SH)
You are very small and have problems with some larger weapons.
You are too small for most types of armour.
You have sharp barbs on your forebranches. (+2 Unarmed)
Armour fits poorly on your strangely shaped body.
You cover ground quickly.
Your system is resistant to poisons. (rPois)
You have a slow metabolism.
You are immune to unholy pain and torment.
You require very little carbon dioxide to survive.
You are immune to rotting.


Message History

You barely miss the worker ant.
You hit the worker ant but do no damage.
The worker ant is heavily wounded. (7/17) HP The worker ant bites you (2).
* * * LOW HITPOINT WARNING * * *
Unknown command.
You barely miss the worker ant. x2
* * * LOW HITPOINT WARNING * * *
You feel sick. The worker ant closely misses you (0).
You closely miss the worker ant.
You hit the worker ant but do no damage.
The worker ant is heavily wounded. (7/17) HP The worker ant closely misses you (0).
The worker ant misses you (0).
Unknown command.
You hit the worker ant (6).
The worker ant is almost dead. (1/17) HP You hit the worker ant but do no damage.
The worker ant is almost dead. (1/17) HP The worker ant bites you (7)!
You die...

▓.▓
▓.▓
▓'▓
▓†▓
▓)▓
▓.▓
▓.▓
▓.▓
▓@▓
▓a▓
▓w▓
▓Z▓
▓.▓
▓.▓
▓+▓


You could see a worker ant, a dart slug and an adder skeleton.

Vanquished Creatures
  An adder (D)
  A cinder newt (D)
  A ball python (D)
  A hobgoblin (D)
  A jackal (D)
  2 bats (D)
7 creatures vanquished.

Notes
Turn   | Place    | Note
-------+----------+-------------------------------------------
     0 | D        | Lanoc the Lignifite Demonspawn began the quest for the Orb.
     0 | D        | Reached XP level 1. HP: 12/12 MP: 4/4
    12 | D        | Reached skill level 3 in Whips & Flails
    17 | D        | Gained mutation: You have sharp barbs on your forebranches.
                  | (+2 Unarmed) [demonic ancestry]
    17 | D        | Reached XP level 2. HP: 9/20 MP: 6/6
    91 | D        | Reached skill level 4 in Whips & Flails
   104 | D        | HP: 1/21 [poisoned by a worker ant]
   106 | D        | Slain by a worker ant

Levels and vault maps discovered:
D:        linesprint [early_d, line_temple, items_1, d_10, items_2, lair_1,
          lair_end, items_3, orc_1, orc_end, items_4, d_15, swamp_1, shoals_1,
          snake_1, spider_1, d_20, vaults_1, items_5, swamp_end, shoals_end,
          snake_end, spider_end, vaults_end, d_27, items_6, zot_1, zot_end,
          crypt_end, forest_end, elf_end, slime_end, tomb_end, abyss_end,
          pan_hell_end]

Skill      XL: |  1  2 |
---------------+-------+-----
Whips & Flails | 3 4 |  4.4
Dodging        | 3 |  3.5
Fighting       | 3 |  3.1
Stealth        | |  1.7
Spellcasting   | |  2.1
Invocations    | |  3.0

Action                   || total
-------------------------++-------
Melee: Flail             ||    33
       Unarmed           ||    26
 Stab: Sleeping          ||     1
Dodge: Dodged            ||    36
